 Dungeon Crawl Stone Soup version 0.19-a0-1057-g15bb84d (webtiles) character file.

825807 Ijustatesigmund the Victor of a Thousand Battles (level 27, -8/233 HPs)
             Began as a Demonspawn Fighter on July 28, 2016.
             Was the Champion of Okawaru.
             Mangled by an acid blob (18 damage)
             ... created by the Royal Jelly
             ... while paralysed by a giant eyeball
             ... on level 5 of the Pits of Slime on Aug 2, 2016.
             The game lasted 05:20:55 (59532 turns).

Ijustatesigmund (DsFi)                             Turns: 59532, Time: 05:20:56

Health: -8/233     AC: 24    Str: 22    XL:     27
Magic:  33/40      EV:  2    Int: 18    God:    Okawaru [******]
Gold:   9963       SH:  0    Dex: 24    Spells: 9 memorised, 20 levels left

rFire  + + .     SeeInvis .     v - +10 morningstar "Eos" {elec, Halo rElec}
rCold  + . .     Gourm    .     x - +11 plate armour "Vomein" {rF+ rC+ Dex-3}
rNeg   + + .     Faith    .     i - +4 large shield of Sloth {rCorr}
rPois  +         Spirit   .     (helmet unavailable)
rElec  +         Dismiss  .     p - +2 cloak {rPois}
rCorr  +         Reflect  .     N - -1 pair of gloves of Lufenk {Regen+ Int+4}
SustAt +         Harm     .     L - +0 pair of boots "Faletay" {rPois Str-2 Int+6 Slay+4}
MR     ++...                    K - amulet of Bedul {rN+ Regen+ Dex+4}
Stlth  ..........               D - ring "Iguno" {rF+ Slay+3}
                                Q - ring of Freedom {SustAt +Blink Dex+3 Slay+3}

@: paralysed, heroism, corroded, very slightly contaminated, hasted, glowing,
repel missiles, very resistant to hostile enchantments, extremely unstealthy
A: horns 3, dopey 1, negative energy resistance 1, poison resistance, powered by
death 3, spiny 3, 50% torment resistance, strong 1, no device heal 1, black
mark, sturdy frame 3
a: Heroism, Finesse, Renounce Religion, Evoke Blink
}: 4/15 runes: decaying, silver, golden, gossamer


You were on level 5 of the Pits of Slime.
You worshipped Okawaru.
Okawaru was exalted by your worship.
You were not hungry.

You visited 13 branches of the dungeon, and saw 61 of its levels.
You visited the Abyss 1 time.
You visited 1 ziggurat, and saw 16 of its levels.
You also visited: Ossuary.

You collected 11475 gold pieces.
You spent 1512 gold pieces at shops.

Inventory:

Hand Weapons
 v - the +10 morningstar "Eos" (weapon) {elec, Halo rElec}
   (You found it on level 16 of a ziggurat)

   Occasionally, upon striking a foe, it will discharge some electrical energy
   and cause terrible harm.
   It insulates you from electricity.
 R - the +9 morningstar of Ohuigu Rutom {pain, +Fly SInv}
   (Okawaru gifted it to you on level 4 of the Swamp)

   In the hands of one skilled in necromantic magic, it inflicts extra damage on
   living creatures.
   It lets you see invisible.
   It lets you fly.
 U - a +9 eveningstar of electrocution
Missiles
 J - 4 javelins of penetration (quivered)
 X - 5 silver javelins
Armour
 i - the +4 large shield of Sloth (worn) {rCorr}
   (You acquired it on level 7 of a ziggurat)

   It protects you from acid and corrosion.
 p - a +2 cloak of poison resistance (worn)
 w - the +0 cloak "Imeall" {rCorr Str+2 Int-4}
   (Okawaru gifted it to you on level 3 of the Lair of Beasts)

   It affects your strength (+2).
   It affects your intelligence (-4).
   It protects you from acid and corrosion.
 x - the +11 plate armour "Vomein" (worn) {rF+ rC+ Dex-3}
   (You found it on level 3 of the Tomb of the Ancients)

   It affects your dexterity (-3).
   It protects you from fire.
   It protects you from cold.
 E - the +5 large shield "Gecwotia" {Str+8 Stlth+}
   (You bought it in a shop on level 3 of the Elven Halls)

   It affects your strength (+8).
   It makes you more stealthy.
 L - the +0 pair of boots "Faletay" (worn) {rPois Str-2 Int+6 Slay+4}
   (You found it on level 3 of the Elven Halls)

   It affects your strength (-2).
   It affects your intelligence (+6).
   It affects your accuracy and damage with ranged weapons and melee attacks
   (+4).
   It protects you from poison.
 N - the -1 pair of gloves of Lufenk (worn) {Regen+ Int+4}
   (Okawaru gifted it to you on level 5 of the Lair of Beasts)

   It affects your intelligence (+4).
   It increases your rate of regeneration.
 S - a +2 pair of boots of running
Jewellery
 a - the brooch of Shielding {Reflect SH+8}
   (You bought it in a shop on level 2 of the Orcish Mines)

   [amulet of reflection]

   It shields you and reflects attacks.
   It affects your SH (+8).
 D - the ring "Iguno" (right hand) {rF+ Slay+3}
   (You found it on level 8 of a ziggurat)

   [ring of protection from fire]

   It affects your accuracy and damage with ranged weapons and melee attacks
   (+3).
   It protects you from fire.
 K - the amulet of Bedul (around neck) {rN+ Regen+ Dex+4}
   (You took it off a deep elf sorcerer on level 3 of the Elven Halls)

   [amulet of regeneration]

   It affects your dexterity (+4).
   It protects you from negative energy.
   It increases your rate of regeneration.
 P - the ring of Shaolin {EV+8}
   (You found it on level 13 of a ziggurat)

   [ring of evasion]

   It affects your evasion (+8).
 Q - the ring of Freedom (left hand) {SustAt +Blink Dex+3 Slay+3}
   (You found it on level 10 of the Dungeon)

   [ring of sustain attributes]

   It sustains your strength, intelligence and dexterity.
   It affects your dexterity (+3).
   It affects your accuracy and damage with ranged weapons and melee attacks
   (+3).
   It lets you blink.
Wands
 c - a wand of digging (7/24)
 o - a wand of teleportation (7/9)
 t - a wand of acid (10/15)
 y - a wand of disintegration (6/24)
 z - a wand of hasting (7/9)
 B - a wand of iceblast (11/15)
 Y - a wand of lightning (6/15)
Scrolls
 b - 3 scrolls of silence
 d - 9 scrolls of identify
 e - a scroll of magic mapping
 j - 4 scrolls of fear
 q - 40 scrolls of remove curse
 u - 11 scrolls of fog
 C - 8 scrolls of immolation
 F - 13 scrolls of teleportation
 I - 5 scrolls of recharging
 O - 4 scrolls of summoning
 T - 4 scrolls of blinking
 W - 2 scrolls of enchant armour
Potions
 h - 19 potions of brilliance
 k - 2 potions of cancellation
 l - a potion of might
 n - 6 potions of flight
 r - a potion of agility
 s - 20 potions of curing
 G - 3 potions of heal wounds
Miscellaneous
 m - a figurine of a ziggurat
 Z - 4 phantom mirrors
Comestibles
 f - 24 bread rations
 g - 25 meat rations
 H - a fruit


   Skills:
 - Level 22.7(27) Fighting
 - Level 22.1(27) Maces & Flails
 - Level 14.3(19.3) Throwing
 - Level 21.3(26.3) Armour
 - Level 15.5(20.5) Dodging
 - Level 15.4(20.4) Shields
 - Level 7.0 Spellcasting
 - Level 10.0 Charms
 - Level 9.5 Summonings
 - Level 12.1 Necromancy
 - Level 12.6 Translocations
 - Level 10.0 Air Magic
 + Level 26.0 Invocations
 - Level 8.0 Evocations


You had 20 spell levels left.
You knew the following spells:

 Your Spells              Type           Power        Failure   Level  Hunger
a - Corpse Rot            Necr           N/A          1%          2    None
b - Apportation           Tloc           ######....   1%          1    None
c - Blink                 Tloc           N/A          1%          2    None
d - Portal Projectile     Tloc           ######       1%          3    ##.....
e - Passage of Golubria   Tloc           N/A          1%          4    ####...
f - Summon Butterflies    Summ           #####...     1%          1    None
g - Regeneration          Chrm/Necr      #####.....   1%          3    ##.....
h - Repel Missiles        Chrm/Air       #####.       1%          2    None
i - Swiftness             Chrm/Air       #####...     1%          2    None


Dungeon Overview and Level Annotations

Branches:
Dungeon (15/15)            Temple (1/1) D:6            Lair (6/6) D:9
  Swamp (4/4) Lair:2       Spider (4/4) Lair:3        Slime (5/5) Lair:6
    Orc (2/2) D:9             Elf (3/3) Orc:2        Vaults (5/5) D:14
  Crypt (3/3) Vaults:3       Tomb (3/3) Crypt:3      Depths (5/5) D:15
    Zot (5/5) Depths:5

Altars:
Ashenzari
Cheibriados
Dithmenos
Elyvilon
Fedhas
Gozag
Hepliaklqana
Kikubaaqudgha
Makhleb
Nemelex Xobeh
Okawaru
Pakellas
Qazlal
Ru
Sif Muna
Trog
Uskayaw
Vehumet
Xom
Yredelemnul
Zin
The Shining One
Beogh
Jiyva
Lugonu

Shops:
Orc:2 *(=[   Elf:3 [   Vaults:5 }=   Depths:1 =

Portals:
Hell: Depths:1 Depths:2 Depths:3 Depths:4 Depths:5
Abyss: Depths:4
Pandemonium: Depths:1 Depths:3 Depths:5
Trove: D:11 (give +7 demon blade)

Annotations:
D:6 exclusion: oklob plant
Spider:2 exclusion: Roxanne, Roxanne
Slime:5 Royal Jelly


Innate Abilities, Weirdness & Mutations

You have a pair of large horns on your head.
You resist negative energy. (rN+)
You regenerate a lot of health from kills.
You are completely covered in sharp spines.
You are somewhat able to resist unholy torments (1 in 2 success).
Your melee attacks may debilitate your foes.
Your movements are significantly less encumbered by armour. (ER -6)
You are dopey. (Int -2)
Your system is resistant to poisons. (rPois)
Your muscles are strong. (Str +2)
Potions and wands are less effective at restoring your health.


Message History

You are splashed with acid!
The acid burns!
You resist.
* * * LOW HITPOINT WARNING * * *
The acid blob is struck by your spines. The acid blob hits you!
* * * LOW HITPOINT WARNING * * *
You are splashed with acid!
The acid burns!
You resist.
* * * LOW HITPOINT WARNING * * *
The acid blob hits you!
* * * LOW HITPOINT WARNING * * *
You are splashed with acid!
The acid corrodes you!
The acid burns!
You resist.
* * * LOW HITPOINT WARNING * * *
The acid blob completely misses you.
The golden eye blinks!
The acid blob hits you!
* * * LOW HITPOINT WARNING * * *
You are splashed with acid!
The acid burns!
You resist.
* * * LOW HITPOINT WARNING * * *
The acid blob spits acid at you. The splash of acid hits you!
The acid burns!
You resist.
* * * LOW HITPOINT WARNING * * *
The acid blob is struck by your spines. The acid blob hits you!!
You die...

............ ....
...........# ...
...........# ## ..
.........### .# ..
........## #G# ...
.........# JJ ...
........## J## ...
.........########JJ##
...
...........#.J.#@JJJ#..
....
........##...#GJJJJG..#
.....
.........########JJ####
...... ........## G##
...... ........# ..
...... ........## #.#
...... .........## .#
#...... ..........## ##
........ ...........###
#........


You could see the Royal Jelly, 8 acid blobs, 3 azure jellies, a great orb of
eyes, 2 death oozes, an eye of draining, a giant eyeball and a golden eye.

Vanquished Creatures
  Dissolution (Slime:5)
  9 orbs of fire
  Mara (Tomb:1)
  5 ancient liches
  5 juggernauts
  30 greater mummies
  Bai Suzhen (Vaults:2)
  2 caustic shrikes
  Saint Roka (Depths:2)
  3 curse toes
  A pandemonium lord (Zig:3)
  11 golden dragons
  3 Killer Klowns
  8 iron giants
  Arachne (Spider:4)
  4 bone dragons
  17 liches
  3 electric golems
  A hellephant (Zig:11)
  Rupert (Spider:1)
  13 tentacled monstrosities
  The ghost of Shenda the Swashbuckler, an adept FoFi of Okawaru (Depths:2)
  10 titans
  25 Orb Guardians (Zot:5)
  4 quicksilver dragons
  3 deep elf blademasters
  An Executioner (Zig:3)
  11 acid blobs
  2 tentacled starspawn (Zig:6)
  9 death cobs
  9 ancient champions
  Gastronok (D:8)
  9 shadow dragons
  19 sphinxes
  17 storm dragons
  6 draconian monks
  2 greater nagas (Zig:8)
  6 tengu reavers
  4 azure jellies (Slime:5)
  17 fire giants
  17 vault wardens
  4 revenants
  5 deep elf sorcerers
  12 draconian knights
  A cacodemon (Depths:5)
  5 draconian scorchers
  14 frost giants
  A caustic shrike zombie (Zig:16)
  4 draconian shifters
  Aizul (Elf:3)
  6 draconian zealots
  6 iron dragons
  5 emperor scorpions
  8 ghost moths
  An orc warlord (Orc:2)
  A juggernaut zombie (Zig:14)
  18 very ugly things
  A curse skull (Crypt:3)
  3 spriggan defenders
  5 deep elf elementalists
  A caustic shrike skeleton (Crypt:2)
  21 stone giants
  4 reapers
  An ophan (Abyss:5)
  5 ghouls (Crypt:2)
  5 war gargoyles
  4 draconian annihilators
  12 green draconians
  14 black draconians
  17 ironheart preservers
  3 draconian callers
  4 bennus
  The ghost of B1inky the Carver, a journeyman OpGl of Makhleb (Lair:6)
  8 entropy weavers
  7 vampire knights
  11 deep elf demonologists
  8 dire elephants
  7 deep elf annihilators
  15 purple draconians
  A dire elephant (shapeshifter) (Elf:3)
  12 mottled draconians
  Azrael (Orc:1)
  11 yellow draconians
  13 white draconians
  A green death (Abyss:5)
  2 red draconians
  18 spark wasps
  7 deep elf death magi
  Snorg (D:11)
  A crystal guardian (Zig:9)
  23 ettins
  3 eidola
  6 jiangshi
  A fire dragon (shapeshifter) (Depths:4)
  31 mummy priests
  Josephine (Swamp:1)
  Harold (Orc:1)
  18 fire dragons
  5 deep elf high priests
  A naga warrior (Zig:8)
  The ghost of Ijustatesigmund the Fighter, a journeyman DsBe of Trog (Orc:1)
  18 yaktaur captains
  Erolcha (D:9)
  3 rakshasas
  13 great orbs of eyes
  Fannar (D:11)
  23 hydras
  22 ice dragons
  2 ghost crabs
  31 vault guards
  2 monstrous demonspawn (Depths:5)
  A catoblepas (Lair:6)
  A catoblepas (shapeshifter) (Elf:3)
  12 centaur warriors
  2 ghost crabs (shapeshifter) (Vaults:5)
  16 ogre magi
  4 death knights
  4 spriggan air magi
  29 dancing weapons
  10 death yaks
  2 small abominations
  13 alligators
  57 death scarabs
  7 deep troll earth magi
  A hell hog (shapeshifter) (Depths:3)
  17 deep troll shamans
  3 hell hogs (Abyss:5)
  4 orc high priests
  9 tengu warriors
  Urug (Lair:5)
  6 spriggan berserkers
  A hellephant zombie (Crypt:3)
  A shock serpent (shapeshifter) (Depths:4)
  4 shock serpents (Zig:8)
  7 vampire magi
  21 deep elf knights
  6 iron trolls
  Nergalle (D:11)
  The ghost of 4thArraOfDagon the Cleaver, a novice MiBe of Trog (Orc:2)
  3 shadow wraiths
  A soul eater (Crypt:2)
  A fire crab (shapeshifter) (Vaults:1)
  A fire crab (Lair:6)
  18 skeletal warriors
  4 spriggan druids
  A golden dragon zombie (Zig:14)
  30 deep trolls
  A deep troll (shapeshifter) (Zig:13)
  An infernal demonspawn (Depths:5)
  4 wizards
  A death drake (shapeshifter) (Vaults:4)
  3 unseen horrors
  19 deep elf archers
  A swamp dragon (shapeshifter) (Depths:4)
  2 wretched stars
  A spark wasp zombie (Depths:4)
  14 hill giants
  15 swamp dragons
  5 flayed ghosts
  A shadow dragon zombie (Zig:14)
  26 anubis guards
  20 orc knights
  A shambling mangrove (Swamp:4)
  3 giant orange brains
  An obsidian statue (Zig:10)
  23 ironbrand convokers
  A lindwurm (shapeshifter) (Zig:13)
  2 lindwurms (Lair:4)
  A naga ritualist (Zig:1)
  36 ugly things
  A golden dragon skeleton (Zig:4)
  A mana viper (Zig:8)
  5 phantasmal warriors
  3 hornets
  An iron dragon zombie (Tomb:2)
  29 wolf spiders
  63 deep elf magi
  2 shining eyes
  3 necromancers
  Pikel (D:8)
  A cyclops (shapeshifter) (Vaults:5)
  A manticore (D:13)
  An orb spider (shapeshifter) (Depths:4)
  4 orc sorcerers
  An oklob plant (Lair:5)
  A wolf spider (shapeshifter) (Depths:3)
  21 orb spiders
  A shadow dragon skeleton (Crypt:2)
  4 griffons
  25 moths of wrath
  A stone giant skeleton (Tomb:2)
  6 cyclopes
  A salamander (Depths:2)
  An iron dragon skeleton (Crypt:2)
  2 shining eyes (shapeshifter)
  A moth of wrath (shapeshifter) (Vaults:3)
  An elephant (shapeshifter) (Depths:2)
  A fire giant skeleton (Crypt:1)
  4 elephants
  An apocalypse crab (Zig:6)
  A sixfirhy (Vaults:5)
  24 vault sentinels
  A guardian serpent (Zig:8)
  9 black mambas
  An orange demon (Depths:3)
  2 spriggan zombies (Zig:14)
  A dire elephant zombie (Crypt:3)
  A molten gargoyle (Depths:2)
  4 centaur zombies
  8 torpor snails
  A storm dragon simulacrum (Depths:4)
  A guardian serpent (shapeshifter) (Depths:1)
  A naga mage (Zig:8)
  5 centaur skeletons
  2 gargoyles
  A shock serpent skeleton (Crypt:3)
  12 spiny frogs
  An eye of devastation (Slime:4)
  2 hellions
  4 smoke demons
  6 rime drakes
  5 komodo dragons
  A yaktaur (shapeshifter) (Vaults:2)
  An elf skeleton (Depths:4)
  12 freezing wraiths
  An anaconda simulacrum (Tomb:1)
  12 demonic crawlers
  2 queen bees (shapeshifter)
  A red draconian skeleton (Crypt:1)
  3 tengu conjurers
  A sea snake skeleton (Crypt:1)
  11 trolls
  46 yaktaurs
  A red devil (Depths:3)
  A hellwing (Depths:3)
  56 guardian mummies
  A meliai (Zig:12)
  41 jumping spiders
  A meliai (shapeshifter) (Depths:3)
  A white draconian skeleton (Crypt:1)
  2 two-headed ogres (shapeshifter)
  3 polar bears
  5 large abominations
  8 giant leeches
  A jumping spider (shapeshifter) (Vaults:2)
  2 raiju
  17 two-headed ogres
  13 blink frogs
  Grinder (D:6)
  A fire giant simulacrum (Crypt:3)
  53 slime creatures
  7 boulder beetles
  An ettin zombie (Zig:2)
  A snapping turtle (shapeshifter) (Depths:4)
  37 flying skulls
  2 iron dragon simulacra (Depths:4)
  11 bog bodies
  17 ushabtiu
  21 tarantellas
  A tarantella zombie (Crypt:3)
  98 redbacks
  Sigmund (D:3)
  3 shadows
  A tarantella (shapeshifter) (Depths:2)
  5 air elementals
  A spriggan skeleton (Zig:4)
  An alligator skeleton (Tomb:3)
  An ice dragon skeleton (Tomb:2)
  2 ynoxinuls (Abyss:5)
  13 yaks
  A fire bat (shapeshifter) (Depths:1)
  11 spriggans
  13 water elementals
  2 wyverns
  A basilisk (Lair:6)
  9 wraiths
  7 hippogriffs
  A hippogriff (shapeshifter) (Vaults:4)
  5 chaos spawn
  4 fire elementals
  A human (shapeshifter) (Vaults:1)
  3 hungry ghosts
  3 steam dragons
  4 neqoxecs
  Menkaure (D:6)
  5 mottled dragons
  Edmund (D:5)
  13 swamp worms
  20 vampire mosquitoes
  A naga (Zig:1)
  6 insubstantial wisps (Swamp:4)
  A warg (shapeshifter) (Vaults:1)
  8 wargs
  A putrid demonspawn zombie (Crypt:3)
  3 soldier ants
  7 water moccasins
  2 giant eyeballs
  5 porcupines
  5 hell hounds
  56 orc warriors
  A merfolk zombie (Tomb:3)
  4 sky beasts
  13 swamp drakes
  22 wasps
  A black bear (shapeshifter) (Vaults:1)
  4 black bears
  9 boggarts
  4 eyes of draining
  An eye of draining (shapeshifter) (Depths:4)
  4 necrophages (Crypt:2)
  An ettin simulacrum (Tomb:2)
  7 ice beasts
  A phantom (D:10)
  A manticore skeleton (Crypt:3)
  56 ogres
  10 crocodiles
  12 centaurs
  12 wolves
  4 big kobolds
  12 giant frogs
  8 earth elementals
  A cyclops zombie (Crypt:2)
  3 scorpions
  12 killer bees
  A polar bear zombie (Crypt:2)
  A polar bear skeleton (Crypt:1)
  5 wights (D:11)
  5 howler monkeys
  A wolf zombie (Crypt:2)
  An electric eel (Spider:1)
  2 yak skeletons
  7 crimson imps
  4 hounds
  A quasit (Depths:1)
  A wasp zombie (D:10)
  A giant frog zombie (D:9)
  3 human zombies
  An iron imp (Zig:2)
  17 orc priests
  8 jellies
  A giant frog skeleton (D:13)
  22 orc wizards
  5 iguanas
  A lightning spire (Zig:8)
  A worker ant (shapeshifter) (Depths:4)
  9 worker ants
  A boulder beetle simulacrum (Vaults:2)
  13 sheep
  A big kobold zombie (Crypt:1)
  2 naga skeletons
  A hound zombie (D:9)
  2 hound skeletons
  60 mummies
  2 worker ant zombies
  16 adders
  A river rat (Lair:1)
  5 shadow imps
  An ooze (D:2)
  3 adder skeletons
  An iguana skeleton (Crypt:2)
  4 worms
  2 dart slugs (D:1)
  8 giant geckos
  90 orcs
  5 giant cockroaches
  6 goblins
  4 hobgoblins
  4 jackals
  4 quokkas
  7 ball pythons
  7 bats
  A dart slug zombie (Crypt:3)
  A giant newt (D:2)
  A giant newt zombie (Crypt:2)
  A gnoll zombie (Ossuary)
  4 goblin zombies
  4 hobgoblin zombies
  2 jackal skeletons
  27 kobolds
  2 kobold zombies (Ossuary)
  An orc zombie (Ossuary)
  A quokka zombie (D:1)
  9 rats
  A crawling corpse (Elf:3)
  2 plants (Depths:5)
2912 creatures vanquished.

Vanquished Creatures (others)
  A tentacled monstrosity (Zig:13)
  A death cob (Zot:5)
  An ancient champion (Tomb:2)
  A revenant (Tomb:2)
  A ghost moth (Zig:12)
  A vault warden (Vaults:5)
  A frost giant (Depths:1)
  An ironheart preserver (Vaults:1)
  A deep elf elementalist (Vaults:5)
  A draconian caller (Zot:1)
  2 stone giants
  A white draconian (Zot:5)
  2 bennus (Tomb:2)
  A deep elf annihilator (Elf:3)
  A crystal guardian (Zig:9)
  4 yaktaur captains
  2 deep elf high priests
  An ogre mage (Depths:3)
  A vault guard (Vaults:5)
  A centaur warrior (Vaults:2)
  6 death scarabs (Tomb:2)
  A skeletal warrior (Tomb:2)
  An unseen horror (Vaults:1)
  A storm dragon skeleton (Crypt:3)
  A swamp dragon (Swamp:4)
  2 deep elf magi
  6 deep elf archers
  An orb spider (Spider:2)
  An ironbrand convoker (Vaults:2)
  4 moths of wrath (Zot:5)
  A cyclops (D:14)
  A guardian mummy (Tomb:2)
  16 yaktaurs
  A blink frog (Swamp:4)
  2 flying skulls (Tomb:2)
  A ynoxinul (Abyss:5)
  A redback (Spider:4)
  A swamp worm (Swamp:4)
  A swamp drake (Swamp:4)
  An orc warrior (Orc:1)
  A spiny frog zombie (Tomb:2)
  An ogre (Vaults:5)
  2 centaurs
  An orc wizard (Orc:2)
  3 mummies (Tomb:2)
  A white imp (Depths:1)
  4 orcs
  A fungus (Lair:5)
  17 plants
  3 starspawn tentacles (Zig:6)
  33 starspawn tentacle segments (Zig:6)
  5 toadstools (Lair:4)
148 creatures vanquished.

Grand Total: 3060 creatures vanquished

Notes
Turn   | Place    | Note
-------+----------+-------------------------------------------
     0 | D:1      | Ijustatesigmund the Demonspawn Fighter began the quest for the Orb.
     0 | D:1      | Reached XP level 1. HP: 18/18 MP: 1/1
   226 | D:1      | Gained mutation: Your movements are slightly less encumbered by armour. (ER -2) [demonic ancestry]
   226 | D:1      | Reached XP level 2. HP: 19/24 MP: 2/2
   274 | D:1      | Found a glowing golden altar of the Shining One.
  1164 | D:2      | Reached XP level 3. HP: 29/29 MP: 3/3
  1268 | D:2      | Found a snail-covered altar of Cheibriados.
  1669 | D:2      | Found a radiant altar of Vehumet.
  1686 | D:2      | Found a burning altar of Makhleb.
  1698 | D:2      | Reached skill level 1 in Dodging
  2044 | D:2      | Gained mutation: Your movements are less encumbered by armour. (ER -4) [demonic ancestry]
  2044 | D:2      | Reached XP level 4. HP: 33/37 MP: 4/4
  2569 | D:3      | Found a faded altar of an unknown god.
  2583 | D:3      | Gained mutation: You have a pair of small horns on your head. [demonic ancestry]
  2583 | D:3      | Reached XP level 5. HP: 30/42 MP: 5/5
  2731 | D:3      | Noticed Sigmund
  2746 | D:3      | Killed Sigmund
  2746 | D:3      | Reached XP level 6. HP: 17/49 MP: 6/6
  2979 | D:3      | Found a shadowy altar of Dithmenos.
  2981 | D:3      | Found a glowing golden altar of the Shining One.
  3088 | D:3      | Found a sacrificial altar of Ru.
  3088 | D:3      | Found a bloodstained altar of Trog.
  4288 | D:4      | Found a sacrificial altar of Ru.
  4492 | D:5      | Entered Level 5 of the Dungeon
  4739 | D:5      | Noticed a sky beast
  4772 | D:5      | Killed a sky beast
  4772 | D:5      | Reached skill level 5 in Maces & Flails
  4772 | D:5      | Gained mutation: You regenerate a little health from kills. [demonic ancestry]
  4772 | D:5      | Reached XP level 7. HP: 24/55 MP: 7/7
  4978 | D:5      | Noticed Edmund
  5006 | D:5      | Killed Edmund
  5006 | D:5      | Reached skill level 5 in Fighting
  5147 | D:5      | Found a deep blue altar of Sif Muna.
  5589 | D:6      | Noticed Grinder
  5851 | D:6      | Killed Grinder
  5859 | D:6      | Noticed Menkaure
  5865 | D:6      | Reached XP level 8. HP: 28/63 MP: 8/8
  5872 | D:6      | Killed Menkaure
  6236 | D:6      | Found a staircase to the Ecumenical Temple.
  6248 | Temple   | Entered the Ecumenical Temple
  6372 | Temple   | Became a worshipper of Warmaster Okawaru
  6745 | D:6      | Reached * piety under Okawaru
  6944 | D:6      | Reached skill level 2 in Invocations
  6947 | D:6      | Reached skill level 3 in Invocations
  6960 | D:6      | Found a blossoming altar of Fedhas.
  6980 | D:6      | Noticed an oklob plant
  7268 | D:7      | Reached skill level 4 in Invocations
  7302 | D:7      | Gained mutation: You have a pair of horns on your head. [demonic ancestry]
  7302 | D:7      | Reached XP level 9. HP: 69/69 MP: 12/12
  7445 | D:7      | Reached skill level 5 in Invocations
  7526 | D:7      | Reached skill level 6 in Invocations
  7551 | D:7      | Reached skill level 7 in Invocations
  7598 | D:7      | Reached ** piety under Okawaru
  7617 | D:7      | Reached skill level 8 in Invocations
  7980 | D:8      | Reached skill level 9 in Invocations
  8066 | D:8      | Noticed a gargoyle
  8086 | D:8      | Killed a gargoyle
  8086 | D:8      | Reached skill level 10 in Invocations
  8124 | D:8      | Noticed Pikel
  8152 | D:8      | Noticed Gastronok
  8175 | D:8      | Killed Gastronok
  8175 | D:8      | Reached *** piety under Okawaru
  8175 | D:8      | Reached skill level 13 in Invocations
  8175 | D:8      | Gained mutation: You are partially covered in sharp spines. [demonic ancestry]
  8175 | D:8      | Reached XP level 10. HP: 16/76 MP: 17/19
  8230 | D:8      | Found a sand-covered staircase.
  8241 | Ossuary  | Entered an ossuary
  9060 | D:8      | Killed Pikel
  9081 | D:8      | Found a shimmering altar of Xom.
  9379 | D:9      | Received a gift from Okawaru
  9441 | D:9      | Noticed Erolcha
  9453 | D:9      | Killed Erolcha
  9601 | D:9      | Found a staircase to the Orcish Mines.
  9612 | D:9      | Received a gift from Okawaru
  9634 | D:9      | Reached **** piety under Okawaru
  9830 | D:9      | Gained mutation: You regenerate health from kills. [demonic ancestry]
  9830 | D:9      | Reached XP level 11. HP: 86/86 MP: 20/20
  9856 | D:9      | Found a staircase to the Lair.
  9911 | D:10     | Entered Level 10 of the Dungeon
 10105 | D:10     | Got a bound golden ring
 10107 | D:10     | Identified the ring of Freedom {SustAt +Blink Dex+3 Slay+3} (You found it on level 10 of the Dungeon)
 10254 | D:10     | Reached skill level 1 in Evocations
 10583 | D:11     | Noticed Nergalle
 10597 | D:11     | Killed Nergalle
 10609 | D:11     | Noticed an unseen horror
 10619 | D:11     | Killed an unseen horror
 10622 | D:11     | Noticed Fannar
 10623 | D:11     | Noticed a hill giant
 10789 | D:12     | Reached ***** piety under Okawaru
 11011 | D:12     | Received a gift from Okawaru
 11081 | D:12     | Noticed a purple ugly thing
 11092 | D:12     | Killed a purple ugly thing
 11107 | D:11     | Noticed a hill giant
 11117 | D:11     | Killed a hill giant
 11119 | D:11     | Reached skill level 5 in Evocations
 11244 | D:11     | Killed a hill giant
 11244 | D:11     | Reached skill level 10 in Maces & Flails
 11244 | D:11     | Reached XP level 12. HP: 97/97 MP: 21/21
 11283 | D:11     | Noticed a vault guard
 11290 | D:11     | Killed a vault guard
 11337 | D:11     | Found a portal to a secret trove of treasure.
 11403 | D:11     | Killed Fannar
 11403 | D:11     | Reached skill level 10 in Fighting
 11486 | D:11     | Noticed Snorg
 11497 | D:11     | Killed Snorg
 12035 | Lair:1   | Entered Level 1 of the Lair of Beasts
 12899 | Lair:2   | Found a staircase to the Swamp.
 13533 | Lair:3   | Received a gift from Okawaru
 13536 | Lair:3   | Got a dazzling cloak {god gift}
 13547 | Lair:3   | Identified the +0 cloak "Imeall" {rCorr Str+2 Int-4} (Okawaru gifted it to you on level 3 of the Lair of Beasts)
 13579 | Lair:3   | Reached skill level 5 in Dodging
 13895 | Lair:3   | Found a hole to the Spider Nest.
 14419 | Lair:4   | Noticed a six-headed hydra
 14425 | Lair:4   | Killed a six-headed hydra
 14482 | Lair:4   | Reached XP level 13. HP: 95/104 MP: 22/22
 15068 | Lair:4   | Identified the Tome of Unstable Enhancements
 15079 | Lair:4   | Identified Fyth's Grimoire of Feathery Ice (You found it on level 4 of the Lair of Beasts)
 15515 | Lair:5   | Reached skill level 10 in Dodging
 15704 | Lair:5   | Got a warped ring mail
 15723 | Lair:4   | Identified the +2 ring mail of Leim {SInv} (You found it on level 5 of the Lair of Beasts)
 15834 | Lair:5   | Identified a scroll of acquirement
 15879 | Lair:5   | Noticed Urug
 15893 | Lair:5   | Killed Urug
 15893 | Lair:5   | Received a gift from Okawaru
 15896 | Lair:5   | Got a pair of distressingly furry gloves {god gift}
 15907 | Lair:5   | Identified the -1 pair of gloves of Lufenk {Regen+ Int+4} (Okawaru gifted it to you on level 5 of the Lair of Beasts)
 16282 | Lair:6   | Entered Level 6 of the Lair of Beasts
 16432 | Lair:6   | Reached skill level 5 in Armour
 16432 | Lair:6   | Reached skill level 5 in Shields
 16510 | Lair:6   | Found a staircase to the Slime Pits.
 16511 | Lair:6   | Found a viscous altar of Jiyva.
 16829 | Lair:6   | Noticed a dire elephant
 16835 | Lair:6   | Got a jewelled morningstar
 16836 | Lair:6   | Identified the +7 morningstar "Aggot" {flame, Int+8} (You found it on level 6 of the Lair of Beasts)
 16897 | Lair:6   | Noticed B1inky's ghost (journeyman OpGl)
 16904 | Lair:6   | Killed B1inky's ghost
 17122 | Lair:6   | Gained mutation: You regenerate a lot of health from kills. [demonic ancestry]
 17122 | Lair:6   | Reached XP level 14. HP: 97/111 MP: 23/23
 17136 | Lair:6   | Received a gift from Okawaru
 17194 | Lair:6   | Gained mutation: Your body sometimes deteriorates upon taking damage. [potion of mutation]
 17194 | Lair:6   | Gained mutation: You possess an exceptional clarity of mind. [potion of mutation]
 17195 | Lair:6   | Lost mutation: You possess an exceptional clarity of mind. [potion of cure mutation]
 17195 | Lair:6   | Lost mutation: Your body sometimes deteriorates upon taking damage. [potion of cure mutation]
 17196 | Lair:6   | Gained mutation: You regenerate slowly when monsters are visible. [potion of mutation]
 17196 | Lair:6   | Gained mutation: Armour fits poorly on your strangely shaped body. [potion of mutation]
 17196 | Lair:6   | Gained mutation: You passively map a small area around you. [potion of mutation]
 17197 | Lair:6   | Lost mutation: Armour fits poorly on your strangely shaped body. [potion of cure mutation]
 17197 | Lair:6   | Lost mutation: You passively map a small area around you. [potion of cure mutation]
 17197 | Lair:6   | Lost mutation: You regenerate slowly when monsters are visible. [potion of cure mutation]
 17198 | Lair:6   | Gained mutation: Your system is resistant to poisons. (rPois) [potion of mutation]
 17198 | Lair:6   | Gained mutation: You are dopey. (Int -2) [potion of mutation]
 17198 | Lair:6   | Gained mutation: Your spells are a little harder to cast, but a little more powerful. [potion of mutation]
 17199 | Lair:6   | Lost mutation: You are dopey. (Int -2) [potion of cure mutation]
 17199 | Lair:6   | Lost mutation: Your spells are a little harder to cast, but a little more powerful. [potion of cure mutation]
 17199 | Lair:6   | Lost mutation: Your system is resistant to poisons. (rPois) [potion of cure mutation]
 17465 | Orc:1    | Entered Level 1 of the Orcish Mines
 17472 | Orc:1    | Noticed Ijustatesigmund's ghost (journeyman DsBe)
 17482 | Orc:1    | Received a gift from Okawaru
 17500 | Orc:1    | Killed Ijustatesigmund's ghost
 17511 | Orc:1    | Got a jewelled lajatang {god gift}
 17556 | Orc:1    | Noticed Harold
 17566 | Orc:1    | Killed Harold
 17908 | Orc:2    | Entered Level 2 of the Orcish Mines
 17911 | Orc:2    | Noticed Azrael
 17937 | Orc:1    | Killed Azrael
 18011 | Orc:1    | Reached ****** piety under Okawaru
 18139 | Orc:2    | Noticed 4thArraOfDagon's ghost (novice MiBe)
 18145 | Orc:2    | Killed 4thArraOfDagon's ghost
 18260 | Orc:2    | Found a staircase to the Elven Halls.
 18286 | Orc:2    | Noticed an orc warlord
 18308 | Orc:2    | Killed an orc warlord
 18308 | Orc:2    | Received a gift from Okawaru
 18384 | Orc:2    | Found a roughly hewn altar of Beogh.
 18387 | Orc:2    | Found Koeh's Antique Armour Emporium.
 18407 | Orc:2    | Found Buuneq's Antique Weapon Emporium.
 18539 | Orc:2    | Bought a crude morningstar for 270 gold pieces
 18539 | Orc:2    | Identified the +9 morningstar "Jellybane" {antimagic, -Tele rPois rC- Stlth+} (You bought it in a shop on level 2 of the Orcish Mines)
 18552 | Orc:2    | Found Qachifoz's General Store.
 18568 | Orc:2    | Found Cirris Yzak's Jewellery Emporium.
 18575 | Orc:2    | Bought the brooch of Shielding {Reflect SH+8} for 448 gold pieces
 18598 | Orc:2    | Bought a steaming scale mail for 162 gold pieces
 18608 | Orc:2    | Identified the +6 scale mail "Diga" {-Tele Int+3 Dex+3} (You bought it in a shop on level 2 of the Orcish Mines)
 18614 | Orc:2    | Bought a shiny plate armour for 414 gold pieces
 19785 | D:14     | Found a gate to the Vaults.
 19936 | D:14     | Received a gift from Okawaru
 19961 | D:14     | Reached XP level 15. HP: 92/117 MP: 8/24
 20111 | D:15     | Entered Level 15 of the Dungeon
 20227 | D:15     | Found a staircase to the Depths.
 20710 | Depths:1 | Entered Level 1 of the Depths
 20739 | Depths:1 | Received a gift from Okawaru
 20827 | Depths:1 | Received a gift from Okawaru
 20861 | Depths:1 | Received a gift from Okawaru
 20920 | Depths:1 | Found Livuott's Jewellery Shoppe.
 20933 | Depths:1 | Received a gift from Okawaru
 20971 | Depths:1 | Noticed a frost giant
 20972 | Depths:1 | Noticed a fire giant
 20976 | Depths:1 | Killed a frost giant
 20981 | Depths:1 | Killed a fire giant
 21013 | Depths:1 | Found a gateway to a ziggurat.
 21013 | Depths:1 | Noticed a lich
 21203 | Depths:1 | Noticed a lich
 21210 | Depths:1 | Found a gateway to Hell.
 21325 | Depths:1 | Noticed a juggernaut
 21342 | Depths:1 | Killed a juggernaut
 21342 | Depths:1 | Received a gift from Okawaru
 21342 | Depths:1 | Gained mutation: You have a pair of large horns on your head. [demonic ancestry]
 21342 | Depths:1 | Reached XP level 16. HP: 92/131 MP: 25/25
 21345 | Depths:1 | Noticed a sphinx
 21347 | Depths:1 | Got a brightly glowing large shield {god gift}
 21351 | Depths:1 | Killed a sphinx
 21510 | Depths:1 | Identified the +0 large shield "Yntav" {Dex+4} (Okawaru gifted it to you on level 1 of the Depths)
 21591 | Depths:1 | Noticed a sphinx
 21594 | Depths:1 | Noticed a titan
 21598 | Depths:1 | Noticed a titan
 21607 | Depths:1 | Killed a sphinx
 21610 | Depths:1 | HP: 3/133 [titan/bolt of lightning (40)]
 21670 | Depths:1 | Noticed a lich
 21678 | Depths:1 | Killed a lich
 21806 | Lair:1   | Upgraded the game from 0.19-a0-1025-g778f431 to 0.19-a0-1035-gdbfb0c6
 21850 | Spider:1 | Entered Level 1 of the Spider Nest
 21868 | Spider:1 | Received a gift from Okawaru
 22038 | Spider:2 | Noticed Roxanne
 22076 | Spider:1 | Paralysed by Rupert for 2 turns
 22077 | Spider:1 | Noticed Rupert
 22084 | Spider:1 | Paralysed by Rupert for 5 turns
 22096 | Spider:1 | Killed Rupert
 22330 | Spider:1 | You fall through a shaft!
 22332 | Spider:2 | Reached skill level 15 in Fighting
 22559 | Spider:2 | Reached XP level 17. HP: 142/142 MP: 0/26
 22561 | Spider:2 | Received a gift from Okawaru
 24086 | Spider:4 | Entered Level 4 of the Spider Nest
 24135 | Spider:4 | Reached skill level 10 in Armour
 24137 | Spider:4 | Reached skill level 10 in Shields
 24284 | Spider:4 | Noticed Arachne
 24503 | Spider:4 | Reached skill level 14 in Invocations
 24551 | Spider:4 | Received a gift from Okawaru
 24621 | Spider:4 | Got a gossamer rune of Zot
 24875 | Spider:4 | Killed Arachne
 24875 | Spider:4 | Received a gift from Okawaru
 25248 | Swamp:1  | Entered Level 1 of the Swamp
 25267 | Swamp:1  | Reached skill level 15 in Invocations
 25594 | Swamp:1  | Noticed Josephine
 25620 | Swamp:1  | Killed Josephine
 25969 | Swamp:2  | Received a gift from Okawaru
 26070 | Swamp:2  | Reached XP level 18. HP: 67/149 MP: 21/29
 26998 | Swamp:3  | Identified the Papyrus of Ghastly Air
 27355 | Swamp:4  | Entered Level 4 of the Swamp
 27531 | Swamp:4  | Received a gift from Okawaru
 27534 | Swamp:4  | Got a bloodstained morningstar {god gift}
 27549 | Swamp:4  | Got a decaying rune of Zot
 27550 | Swamp:4  | Identified the +9 morningstar of Ohuigu Rutom {pain, +Fly SInv} (Okawaru gifted it to you on level 4 of the Swamp)
 27744 | Swamp:4  | Got a twisted chain mail
 27750 | Swamp:4  | Identified the +5 chain mail of a wizard's laboratory {rElec MR++ rCorr Dex-5} (You found it on level 4 of the Swamp)
 28201 | Lair:1   | Learned a level 2 spell: Corpse Rot
 28349 | Vaults:1 | Entered Level 1 of the Vaults
 28386 | Vaults:1 | Reached skill level 1 in Necromancy
 28554 | Vaults:1 | Received a gift from Okawaru
 28694 | Vaults:1 | Reached skill level 5 in Necromancy
 29132 | Vaults:1 | Received a gift from Okawaru
 29402 | Vaults:1 | Gained mutation: You are mostly covered in sharp spines. [demonic ancestry]
 29402 | Vaults:1 | Reached XP level 19. HP: 153/155 MP: 30/30
 29580 | Vaults:1 | Reached skill level 10 in Necromancy
 29947 | Vaults:2 | Received a gift from Okawaru
 30055 | Vaults:2 | Noticed Bai Suzhen
 30073 | Vaults:2 | Killed Bai Suzhen
 30138 | Vaults:2 | Found a roughly hewn altar of Beogh.
 30622 | Vaults:2 | Received a gift from Okawaru
 30626 | Vaults:2 | Reached skill level 16 in Invocations
 30891 | Vaults:2 | Reached skill level 17 in Invocations
 31227 | Vaults:3 | Reached skill level 15 in Maces & Flails
 31378 | Vaults:3 | Received a gift from Okawaru
 31843 | Vaults:3 | Found a staircase to the Crypt.
 31843 | Vaults:3 | Found an ancient bone altar of Kikubaaqudgha.
 31844 | Vaults:3 | Found a basalt altar of Yredelemnul.
 32209 | Vaults:3 | Gained mutation: You resist negative energy. (rN+) [demonic ancestry]
 32209 | Vaults:3 | Reached XP level 20. HP: 155/164 MP: 32/32
 32380 | Vaults:4 | Got a wavering silver ring
 32382 | Vaults:4 | Identified the ring "Udoibb" {rPois Int-5 Dex+2 Slay+1 Stlth+} (You took it off a yaktaur captain on level 4 of the Vaults)
 32486 | Vaults:4 | Received a gift from Okawaru
 32563 | Vaults:4 | Noticed a Tzitzimitl
 32724 | Vaults:4 | Learned a level 1 spell: Apportation
 32727 | Vaults:4 | Learned a level 2 spell: Blink
 32731 | Vaults:4 | Learned a level 3 spell: Portal Projectile
 32736 | Vaults:4 | Learned a level 4 spell: Passage of Golubria
 33087 | Elf:1    | Entered Level 1 of the Elven Halls
 33147 | Elf:1    | Found a deep blue altar of Sif Muna.
 33509 | Elf:1    | Reached skill level 1 in Translocations
 33780 | Elf:1    | Gained mutation: You are clumsy. (Dex -2) [a cacodemon]
 34240 | Elf:2    | Found an ancient bone altar of Kikubaaqudgha.
 34706 | Elf:2    | Found a huge runed gate.
 34706 | Elf:2    | Found a huge runed gate.
 34706 | Elf:2    | Found a huge runed gate.
 34706 | Elf:2    | Found a huge runed gate.
 34706 | Elf:2    | Found a huge runed gate.
 34785 | Elf:2    | Reached skill level 5 in Translocations
 35085 | Elf:3    | Entered Level 3 of the Elven Halls
 35250 | Elf:3    | Noticed Aizul
 35257 | Elf:3    | Killed Aizul
 35299 | Elf:3    | Received a gift from Okawaru
 35367 | Elf:3    | Found Maacoonu's Antique Armour Shoppe.
 35377 | Elf:3    | Bought a shimmering large shield for 218 gold pieces
 35387 | Elf:3    | Identified the +5 large shield "Gecwotia" {Str+8 Stlth+} (You bought it in a shop on level 3 of the Elven Halls)
 35440 | Elf:3    | Gained mutation: You occasionally shout uncontrollably at your foes. [a neqoxec]
 35515 | Elf:3    | Gained mutation: You are somewhat able to resist unholy torments (1 in 2 success). [demonic ancestry]
 35515 | Elf:3    | Reached XP level 21. HP: 174/174 MP: 33/33
 35867 | Elf:3    | Received a gift from Okawaru
 35927 | Elf:3    | Got a bound bone amulet
 36016 | Elf:3    | Identified the amulet of Bedul {rN+ Regen+ Dex+4} (You took it off a deep elf sorcerer on level 3 of the Elven Halls)
 36106 | Elf:3    | Got a shimmering lapis lazuli ring
 36107 | Elf:3    | Identified the ring "Mozut" {Wiz Int+2 Dex+2 Slay+3} (You found it on level 3 of the Elven Halls)
 36132 | Elf:3    | Got a pair of slimy boots
 36143 | Elf:3    | Identified the cursed +0 pair of boots "Faletay" {rPois Str-2 Int+6 Slay+4} (You found it on level 3 of the Elven Halls)
 36479 | Lair:1   | Lost mutation: You occasionally shout uncontrollably at your foes. [potion of cure mutation]
 36479 | Lair:1   | Lost mutation: You are clumsy. (Dex -2) [potion of cure mutation]
 36668 | Vaults:1 | Received a gift from Okawaru
 36807 | Vaults:4 | Reached skill level 10 in Translocations
 36923 | Vaults:4 | Found a shimmering altar of Xom.
 37710 | Vaults:5 | Entered Level 5 of the Vaults
 37788 | Vaults:5 | Received a gift from Okawaru
 37791 | Vaults:5 | Got a faintly glowing cloak {god gift}
 37805 | Vaults:4 | Identified the -6 cloak of Tender Moments {rC+ Regen+} (Okawaru gifted it to you on level 5 of the Vaults)
 38310 | Vaults:5 | Gained mutation: Your melee attacks may debilitate your foes. [demonic ancestry]
 38310 | Vaults:5 | Reached XP level 22. HP: 131/184 MP: 34/34
 38536 | Vaults:5 | Received a gift from Okawaru
 38617 | Vaults:5 | Identified the Grimoire of the Arsonist and Summoning
 38962 | Vaults:5 | Got a scintillating amber ring
 38964 | Vaults:5 | Got a silver rune of Zot
 38965 | Vaults:5 | Identified the ring of Hiczy {rPois Dex+3 Stlth+} (You found it on level 5 of the Vaults)
 39006 | Vaults:5 | Got a brightly glowing turquoise ring
 39236 | Vaults:5 | Noticed an ancient lich
 39267 | Vaults:5 | Killed an ancient lich
 39284 | Vaults:5 | Found Nelynk's Gadget Shop.
 39341 | Vaults:5 | Found Feekai's Jewellery Boutique.
 39810 | Depths:1 | Found a one-way gate leading to the halls of Pandemonium.
 39832 | Depths:1 | Received a gift from Okawaru
 39909 | Depths:1 | Identified a +2 pair of boots of running (You found it on level 1 of the Depths)
 40339 | Depths:2 | Found a runed door.
 40364 | Depths:2 | Noticed Saint Roka
 40377 | Depths:2 | Killed Saint Roka
 40436 | Depths:2 | Identified the ring "Ungin" {rElec rC+ MR+ Str+2 Int-2} (You took it off a vault warden on level 5 of the Vaults)
 40537 | Depths:2 | Reached XP level 23. HP: 192/192 MP: 35/35
 40551 | Depths:2 | Noticed Shenda's ghost (adept FoFi)
 40577 | Depths:2 | Killed Shenda's ghost
 40577 | Depths:2 | Received a gift from Okawaru
 40933 | Depths:2 | Noticed a caustic shrike
 40983 | Depths:2 | Killed a caustic shrike
 40983 | Depths:2 | Received a gift from Okawaru
 41000 | Depths:2 | Got a translucent morningstar {god gift}
 41001 | Depths:2 | Identified the +8 morningstar "Zigeso" {flame, *Rage rC- Str+7 Dex+8} (Okawaru gifted it to you on level 2 of the Depths)
 41015 | Depths:2 | Got a pitted crystal plate armour
 41026 | Depths:2 | Identified the +2 crystal plate armour "Tiphoahyi" {rN+ SInv Stlth-} (You acquired it on level 2 of the Depths)
 41146 | Depths:3 | Noticed a juggernaut
 41163 | Depths:3 | Killed a juggernaut
 41251 | Depths:3 | Received a gift from Okawaru
 41257 | Depths:3 | Reached skill level 15 in Shields
 41283 | Depths:3 | Gained mutation: Potions and wands are less effective at restoring your health. [a shining eye]
 41296 | Depths:3 | Paralysed by a giant eyeball for 3 turns
 41304 | Depths:3 | Reached skill level 15 in Dodging
 41366 | Depths:3 | Identified Sif Muna's Volume of Congealing Companions
 41369 | Depths:3 | Learned a level 1 spell: Summon Butterflies
 41823 | Depths:3 | Received a gift from Okawaru
 42235 | Depths:4 | Received a gift from Okawaru
 42296 | Depths:4 | Found a corrupted altar of Lugonu.
 42297 | Depths:4 | Found a one-way gate to the infinite horrors of the Abyss.
 42538 | Depths:4 | Gained mutation: Your movements are significantly less encumbered by armour. (ER -6) [demonic ancestry]
 42538 | Depths:4 | Reached XP level 24. HP: 197/202 MP: 35/35
 42689 | Depths:4 | Noticed a juggernaut
 42698 | Depths:4 | Killed a juggernaut
 42756 | Depths:4 | Received a gift from Okawaru
 42827 | Depths:4 | Paralysed by a giant eyeball for 2 turns
 42907 | Depths:4 | Identified the Volume of Battle Magic and Curses
 43107 | Depths:5 | Entered Level 5 of the Depths
 43107 | Depths:5 | Found a blossoming altar of Fedhas.
 43297 | Depths:5 | Found a gate to the Realm of Zot.
 43598 | Depths:5 | Noticed a juggernaut
 43612 | Depths:5 | Killed a juggernaut
 43617 | Depths:5 | Received a gift from Okawaru
 43727 | Depths:5 | Gained mutation: You are completely covered in sharp spines. [demonic ancestry]
 43727 | Depths:5 | Reached XP level 25. HP: 219/219 MP: 35/35
 44098 | Depths:5 | Upgraded the game from 0.19-a0-1035-gdbfb0c6 to 0.19-a0-1041-g82b1012
 44380 | Crypt:1  | Entered Level 1 of the Crypt
 44964 | Crypt:1  | Paralysed by a vampire knight for 3 turns
 44988 | Crypt:2  | Upgraded the game from 0.19-a0-1041-g82b1012 to 0.19-a0-1049-g462a813
 45397 | Crypt:2  | Got a smelly chain mail
 45403 | Crypt:2  | Received a gift from Okawaru
 45406 | Crypt:2  | Identified the +7 chain mail of the Hidden Vale {MP+9 Stlth+} (You found it on level 2 of the Crypt)
 45410 | Crypt:2  | Got a twisted flail {god gift}
 45411 | Crypt:2  | Identified the +6 flail of the Dove {crush, Int+2} (Okawaru gifted it to you on level 2 of the Crypt)
 45820 | Crypt:3  | Entered Level 3 of the Crypt
 45961 | Crypt:3  | Noticed an ancient lich
 46058 | Crypt:3  | Cast into level 5 of the Abyss (an ancient lich)
 46058 | Abyss:5  | Entered Level 5 of the Abyss
 46194 | Abyss:5  | Received a gift from Okawaru
 46269 | Crypt:3  | Escaped the Abyss
 46276 | Crypt:3  | Killed an ancient lich
 46288 | Crypt:3  | Got a transparent brass amulet
 46291 | Crypt:3  | Identified the amulet "Xualupn" {Harm *Drain +Blink rF+ Str+4} (You found it on level 3 of the Crypt)
 46584 | Crypt:3  | Found a staircase to the Tomb.
 47020 | Depths:5 | Reached skill level 1 in Charms
 47041 | Zot:1    | Entered Level 1 of the Realm of Zot
 47156 | Zot:1    | Noticed an orb of fire
 47165 | Zot:1    | Gained mutation: Scrolls take you a little longer to read. [an orb of fire]
 47167 | Zot:1    | Gained mutation: You are frail. (-10% HP) [an orb of fire]
 47175 | Zot:1    | Killed an orb of fire
 47302 | Zot:1    | Reached skill level 5 in Charms
 47579 | Zot:1    | Received a gift from Okawaru
 47586 | Zot:1    | Reached XP level 26. HP: 69/203 MP: 33/35
 47867 | Zig:1    | Entered Level 1 of a ziggurat
 47891 | Zig:2    | Entered Level 2 of a ziggurat
 47918 | Zig:3    | Entered Level 3 of a ziggurat
 47921 | Zig:3    | Noticed Unurru the pandemonium lord
 47934 | Zig:3    | Killed Unurru the pandemonium lord
 47952 | Zig:4    | Entered Level 4 of a ziggurat
 47990 | Zig:5    | Entered Level 5 of a ziggurat
 48049 | Zig:5    | Identified Uxopyo's Disquisition on the Bewitching Voyage (You found it on level 5 of a ziggurat)
 48161 | Zig:6    | Entered Level 6 of a ziggurat
 48238 | Zig:6    | Identified Wethrara's Compendium of Shifting Dislocation (You found it on level 6 of a ziggurat)
 48246 | Zig:7    | Entered Level 7 of a ziggurat
 48296 | Zig:7    | Reached skill level 10 in Charms
 48302 | Zig:7    | Identified the Tome of Companions
 48318 | Zig:7    | Got a scorched large shield
 48329 | Zig:7    | Identified the +4 large shield of Sloth {rCorr} (You acquired it on level 7 of a ziggurat)
 48347 | Zig:7    | Upgraded the game from 0.19-a0-1049-g462a813 to 0.19-a0-1051-gdb7e7f8
 48349 | Zig:8    | Entered Level 8 of a ziggurat
 48420 | Zig:8    | Got a slimy granite ring
 48423 | Zig:8    | Identified the ring "Iguno" {rF+ Slay+3} (You found it on level 8 of a ziggurat)
 48431 | Zig:8    | Got a steaming mace
 48434 | Zig:8    | Identified the +3 mace of the Walnut {crush, SInv} (You found it on level 8 of a ziggurat)
 48444 | Zig:9    | Entered Level 9 of a ziggurat
 48490 | Zig:9    | Identified the Incunabulum of Flying Augmentations
 48505 | Zig:10   | Entered Level 10 of a ziggurat
 48596 | Zig:10   | Learned a level 3 spell: Regeneration
 48609 | Zig:10   | Got a transparent bronze ring
 48612 | Zig:10   | Identified the ring of Kaug {rElec rPois Stlth+} (You found it on level 10 of a ziggurat)
 48620 | Zig:10   | Learned a level 2 spell: Repel Missiles
 48623 | Zig:10   | Learned a level 2 spell: Swiftness
 48643 | Zig:11   | Entered Level 11 of a ziggurat
 48665 | Zig:11   | Reached skill level 1 in Air Magic
 48744 | Zig:11   | Lost mutation: You are frail. (-10% HP) [potion of cure mutation]
 48744 | Zig:11   | Lost mutation: Scrolls take you a little longer to read. [potion of cure mutation]
 48744 | Zig:11   | Lost mutation: Potions and wands are less effective at restoring your health. [potion of cure mutation]
 48770 | Zig:12   | Entered Level 12 of a ziggurat
 48797 | Zig:12   | Reached skill level 5 in Air Magic
 49079 | Zig:12   | Identified Sif Muna's Almanac of the Mutagenic Glacier (You found it on level 12 of a ziggurat)
 49090 | Zig:12   | Reached XP level 27. HP: 233/233 MP: 35/35
 49120 | Zig:13   | Entered Level 13 of a ziggurat
 49171 | Zig:13   | Received a gift from Okawaru
 49471 | Zig:14   | Entered Level 14 of a ziggurat
 49573 | Zig:14   | Reached skill level 10 in Air Magic
 49604 | Zig:14   | Noticed a greater mummy
 49661 | Zig:14   | Killed a greater mummy
 49841 | Zig:14   | Got a pair of ancient boots
 49842 | Zig:14   | Identified the cursed +0 pair of boots of the Everdark {rElec rN++ Int-2 Dex+4} (You found it on level 14 of a ziggurat)
 49857 | Zig:15   | Entered Level 15 of a ziggurat
 49889 | Zig:15   | Noticed a juggernaut
 49906 | Zig:15   | Killed a juggernaut
 49979 | Zig:15   | Reached skill level 15 in Armour
 50019 | Zig:15   | Received a gift from Okawaru
 50057 | Zig:15   | Got a brightly glowing morningstar
 50058 | Zig:15   | Identified the +1 morningstar "Tomisow" {crush, MR++} (You found it on level 15 of a ziggurat)
 50069 | Zig:15   | Got a bound jade amulet
 50070 | Zig:15   | Identified the amulet of Noifeoff {Spirit rElec MP+9 Str+3 Slay+3} (You found it on level 15 of a ziggurat)
 50074 | Zig:15   | Got a pair of ichor-stained boots
 50075 | Zig:15   | Identified the +1 pair of boots of the Shoals {+Inv rC- rN+ Str+4} (You found it on level 15 of a ziggurat)
 50092 | Zig:16   | Entered Level 16 of a ziggurat
 50108 | Zig:16   | Noticed a greater mummy
 50112 | Zig:16   | Noticed a greater mummy
 50116 | Zig:16   | Noticed a greater mummy
 50118 | Zig:16   | Killed a greater mummy
 50120 | Zig:16   | Noticed a greater mummy
 50120 | Zig:16   | Noticed a greater mummy
 50134 | Zig:16   | Noticed a greater mummy
 50613 | Zot:1    | Noticed an orb of fire
 50613 | Zot:1    | Gained mutation: You tend to lose your temper in combat. [an orb of fire]
 50614 | Zot:1    | Gained mutation: Your spells are a little easier to cast, but a little less powerful. [an orb of fire]
 50616 | Zot:1    | Gained mutation: Your magical capacity is low. (-10% MP) [an orb of fire]
 50618 | Zot:1    | Gained mutation: You often lose your temper in combat. [an orb of fire]
 50626 | Zot:1    | Killed an orb of fire
 51070 | Zot:2    | Received a gift from Okawaru
 51383 | Zot:2    | Lost mutation: You often lose your temper in combat. [potion of cure mutation]
 51383 | Zot:2    | Lost mutation: Your spells are a little easier to cast, but a little less powerful. [potion of cure mutation]
 51383 | Zot:2    | Lost mutation: Your magical capacity is low. (-10% MP) [potion of cure mutation]
 51383 | Zot:2    | Lost mutation: You tend to lose your temper in combat. [potion of cure mutation]
 52548 | Zot:3    | Received a gift from Okawaru
 52582 | Zot:4    | Received a gift from Okawaru
 52595 | Zot:5    | Entered Level 5 of the Realm of Zot
 52737 | Zot:4    | Noticed an orb of fire
 52743 | Zot:4    | Gained mutation: You are agile. (Dex +2) [an orb of fire]
 52749 | Zot:4    | Gained mutation: You have sharp toenails. [an orb of fire]
 52750 | Zot:4    | Gained mutation: Your system is resistant to poisons. (rPois) [an orb of fire]
 52751 | Zot:4    | Killed an orb of fire
 53577 | Zot:5    | Received a gift from Okawaru
 53677 | Zot:5    | Received a gift from Okawaru
 53680 | Zot:5    | Reached skill level 5 in Throwing
 53935 | Zot:5    | Noticed an orb of fire
 53946 | Zot:5    | Gained mutation: You are dopey. (Int -2) [an orb of fire]
 53948 | Zot:5    | Killed an orb of fire
 54043 | Zot:5    | Noticed an orb of fire
 54062 | Zot:5    | Killed an orb of fire
 54116 | Zot:5    | Noticed an orb of fire
 54119 | Zot:5    | Noticed an ancient lich
 54120 | Zot:5    | Noticed an orb of fire
 54123 | Zot:5    | Gained mutation: You tend to lose your temper in combat. [an orb of fire]
 54129 | Zot:5    | Gained mutation: Your spells are a little easier to cast, but a little less powerful. [an orb of fire]
 54134 | Zot:5    | Killed an orb of fire
 54136 | Zot:5    | Killed an ancient lich
 54142 | Zot:5    | Killed an orb of fire
 54142 | Zot:5    | Reached skill level 10 in Throwing
 54289 | Zot:5    | Received a gift from Okawaru
 54317 | Zot:5    | Noticed an orb of fire
 54324 | Zot:5    | Noticed an orb of fire
 54332 | Zot:5    | Killed an orb of fire
 54343 | Zot:5    | Killed an orb of fire
 54539 | Zot:5    | Noticed an ancient lich
 54548 | Zot:5    | Killed an ancient lich
 54622 | Zot:5    | Received a gift from Okawaru
 54690 | Zot:5    | Lost mutation: You are dopey. (Int -2) [potion of cure mutation]
 54690 | Zot:5    | Lost mutation: You are agile. (Dex +2) [potion of cure mutation]
 54690 | Zot:5    | Lost mutation: Your spells are a little easier to cast, but a little less powerful. [potion of cure mutation]
 54690 | Zot:5    | Lost mutation: You have sharp toenails. [potion of cure mutation]
 54690 | Zot:5    | Lost mutation: You tend to lose your temper in combat. [potion of cure mutation]
 54691 | Zot:5    | Gained mutation: Your muscles are strong. (Str +2) [potion of beneficial mutation]
 54837 | Zot:5    | Upgraded the game from 0.19-a0-1051-gdb7e7f8 to 0.19-a0-1057-g15bb84d
 55667 | Tomb:1   | Entered Level 1 of the Tomb of the Ancients
 55699 | Tomb:1   | Noticed Mara
 55706 | Tomb:1   | Noticed Ijustatesigmund's illusion
 55721 | Tomb:1   | Noticed Ijustatesigmund's illusion
 55726 | Tomb:1   | Killed Mara
 56352 | Tomb:2   | Noticed an ancient lich
 56352 | Tomb:2   | Noticed a greater mummy
 56352 | Tomb:2   | Noticed a greater mummy
 56353 | Tomb:2   | Noticed a greater mummy
 56362 | Tomb:1   | Reached skill level 5 in Summonings
 56478 | Tomb:2   | Paralysed by the power of Zot for 3 turns
 56492 | Tomb:1   | Killed an ancient lich
 56498 | Tomb:1   | Killed a greater mummy
 56498 | Tomb:1   | Received a gift from Okawaru
 56513 | Tomb:2   | Killed a greater mummy
 56531 | Tomb:1   | Killed a greater mummy
 56531 | Tomb:1   | Received a gift from Okawaru
 56571 | Tomb:1   | Noticed a greater mummy
 56588 | Tomb:1   | Killed a greater mummy
 56609 | Tomb:1   | Noticed a greater mummy
 56620 | Tomb:1   | Killed a greater mummy
 56626 | Tomb:1   | Noticed a greater mummy
 56643 | Tomb:1   | Killed a greater mummy
 56643 | Tomb:1   | Received a gift from Okawaru
 56643 | Tomb:1   | Reached skill level 1 in Spellcasting
 56643 | Tomb:1   | Reached skill level 18 in Invocations
 56645 | Tomb:1   | Noticed a greater mummy
 56649 | Tomb:1   | Noticed a greater mummy
 56652 | Tomb:1   | Killed a greater mummy
 56665 | Tomb:1   | Killed a greater mummy
 56680 | Tomb:1   | Noticed a greater mummy
 56689 | Tomb:1   | Killed a greater mummy
 56738 | Tomb:1   | Noticed a greater mummy
 56740 | Tomb:1   | Noticed a greater mummy
 56751 | Tomb:1   | Killed a greater mummy
 56751 | Tomb:1   | Received a gift from Okawaru
 56759 | Tomb:1   | Killed a greater mummy
 56950 | Tomb:2   | Reached skill level 5 in Spellcasting
 56950 | Tomb:2   | Reached skill level 19 in Invocations
 57158 | Tomb:1   | Noticed a greater mummy
 57170 | Tomb:1   | Killed a greater mummy
 57177 | Tomb:1   | Noticed a greater mummy
 57181 | Tomb:1   | Noticed a greater mummy
 57184 | Tomb:1   | Killed a greater mummy
 57189 | Tomb:1   | Killed a greater mummy
 57350 | Tomb:3   | Entered Level 3 of the Tomb of the Ancients
 57366 | Tomb:3   | Reached skill level 20 in Invocations
 57382 | Tomb:3   | Received a gift from Okawaru
 57387 | Tomb:3   | Noticed a greater mummy
 57388 | Tomb:3   | Noticed a greater mummy
 57402 | Tomb:3   | Noticed a greater mummy
 57403 | Tomb:3   | Noticed a greater mummy
 57431 | Tomb:3   | Killed a greater mummy
 57443 | Tomb:3   | Killed a greater mummy
 57446 | Tomb:3   | Reached skill level 21 in Invocations
 57453 | Tomb:3   | Killed a greater mummy
 57478 | Tomb:3   | Killed a greater mummy
 57518 | Tomb:3   | Reached skill level 22 in Invocations
 57602 | Tomb:3   | Received a gift from Okawaru
 57915 | Tomb:3   | Noticed a greater mummy
 57931 | Tomb:3   | Killed a greater mummy
 57974 | Tomb:3   | Noticed a greater mummy
 57979 | Tomb:3   | Reached skill level 23 in Invocations
 57993 | Tomb:3   | Killed a greater mummy
 57995 | Tomb:3   | Noticed a greater mummy
 58008 | Tomb:3   | Noticed a greater mummy
 58012 | Tomb:3   | Killed a greater mummy
 58022 | Tomb:3   | Killed a greater mummy
 58024 | Tomb:3   | Noticed a greater mummy
 58031 | Tomb:3   | Killed a greater mummy
 58078 | Tomb:3   | Got a golden rune of Zot
 58111 | Tomb:3   | Received a gift from Okawaru
 58218 | Tomb:3   | Got a faintly humming plate armour
 58219 | Tomb:3   | Identified the +11 plate armour "Vomein" {rF+ rC+ Dex-3} (You found it on level 3 of the Tomb of the Ancients)
 58349 | Tomb:1   | Noticed a greater mummy
 58357 | Tomb:1   | Killed a greater mummy
 58357 | Tomb:1   | Reached skill level 24 in Invocations
 58375 | Tomb:1   | Noticed a greater mummy
 58379 | Tomb:1   | Noticed a greater mummy
 58382 | Tomb:1   | Noticed a greater mummy
 58387 | Tomb:1   | Killed a greater mummy
 58395 | Tomb:1   | Killed a greater mummy
 58395 | Tomb:1   | Received a gift from Okawaru
 58408 | Tomb:1   | Killed a greater mummy
 58409 | Tomb:1   | Noticed a greater mummy
 58419 | Tomb:1   | Killed a greater mummy
 59124 | Slime:1  | Entered Level 1 of the Pits of Slime
 59127 | Slime:1  | Gained mutation: Potions and wands are less effective at restoring your health. [a shining eye]
 59237 | Slime:4  | Reached skill level 25 in Invocations
 59247 | Slime:5  | Entered Level 5 of the Pits of Slime
 59301 | Slime:5  | Noticed Dissolution
 59311 | Slime:5  | Gained mutation: You are dopey. (Int -2) [a shining eye]
 59312 | Slime:5  | Killed Dissolution
 59501 | Slime:5  | Noticed the Royal Jelly
 59505 | Slime:5  | Reached skill level 26 in Invocations
 59506 | Slime:5  | Found a viscous altar of Jiyva.
 59530 | Slime:5  | Paralysed by a giant eyeball for 3 turns
 59532 | Slime:5  | HP: 10/233 [acid[the Royal Jelly] (6)]
 59532 | Slime:5  | Mangled by an acid blob

Vault maps used:
D:1:      onia_arrival_larder, tso_metal_star
D:2:      minitemple, cheibriados_altar_1, serial_aquarium,
          aquarium_bridge_long_separate, aquarium_window_corner,
          aquarium_window_fake, aquarium_view_2g
D:3:      grunt_temple_overflow_open, nicolae_overflow_hidden_temple,
          ecumenical_altar_1, st_stairs_11, minmay_snake_closets, uniq_sigmund
D:4:      first_bread, nicolae_ru_awakened_eye
D:5:      led_sif_book, uniq_edmund
D:6:      serial_bayou_pond_e, tgw_fedhas, uniq_grinder, uniq_menkaure
D:7:      serial_glass, glass_columns_b, glass_columns_b
D:8:      hangedman_cross_stitches, marbit_many_paths,
          nicolae_ossuary_entry_giza, uniq_pikel, uniq_gastronok
D:9:      lair_0_dummy, orc_0_dummy, kennysheep_pointless_box, uniq_erolcha
D:10:     hangedman_pestilent_swarm
D:11:     special_room, enter_trove_5, uniq_fannar, uniq_snorg, uniq_nergalle
D:12:     kennysheep_generic_room_15
D:14:     david_vaults_1, hex_tiny
D:15:     hangedman_depths_entry_civil_slaughter, minmay_misc_feat_more_columns
Temple:   dshaligram_water_room_temple
Lair:2:   minmay_swamp_entry_swarm
Lair:3:   spider_nest_entry_webs, grunt_megastairs_2
Lair:4:   gammafunk_lair_enchanted_lake, minmay_lair_drake_nest
Lair:5:   uniq_urug
Lair:6:   grunt_lair_end_beastmaster, slime_altar_1, st_stairs_7,
          infiniplex_staircase_pool_2
Swamp:1:  evilmike_swamp_ruin_house_6, uniq_josephine
Swamp:2:  evilmike_swamp_ruin_house_4, st_swamp_mini
Swamp:3:  nicolae_swamp_rocky_clearing, swamp_pool2
Swamp:4:  swamp
Spider:1: spider_trap, uniq_rupert
Spider:2: guppyfry_spider_mini_1, uniq_roxanne
Spider:4: johnstein_spider_rune_arachne_lair
Slime:5:  uniq_dissolution
Orc:1:    uniq_harold
Orc:2:    grunt_orc_cross, uniq_azrael
Elf:1:    eino_elf_arrival_shootout, serial_sigils,
          serial_sigils_hangedman_writhe, serial_sigils_hangedman_leer,
          serial_sigils_hangedman_confine, serial_sigils_hangedman_clutch,
          serial_sigils_hangedman_scratch, serial_sigils_hangedman_snap,
          basic_altar
Elf:2:    basic_altar, hangedman_elf_simple_split
Elf:3:    minmay_elf_hall_dome, serial_shops, shop, uniq_aizul
Vaults:1: vaults_room_octagon, v_rooms_3, vaults_room_grunt_arrival_ludios,
          grunt_vaults_hallway_short, vaults_room_semicircle,
          nicolae_vaults_mini_display_case, dpeg_vaults_monster_box,
          vaults_room_corners
Vaults:2: vaults_standard_mumra_enter_the_diamond, hangedman_vaults_trim,
          hangedman_vaults_stagger, vaults_room_stairs_pillars,
          nicolae_vaults_puzzle_piece, nicolae_vaults_arrows,
          hangedman_vaults_unwind, v_misc_17, vaults_dpeg_spiral,
          special_room_vaults, v_misc_22, vaults_room_ringed_pool,
          ontoclasm_vaults_bender, nicolae_vaults_theta, uniq_bai_suzhen
Vaults:3: vaults_dpeg_diagonal, grunt_vaults_swirl,
          nicolae_vaults_network_barrier, hangedman_vaults_variations,
          grunt_vaults_trifunnel, minmay_crypt_entry_necro_gods, v_misc_24,
          nicolae_vaults_big_ls, vaults_room_hangedman_quadrants,
          hangedman_vaults_locks, v_alt_pattern_3, vaults_room_stairs_pillars,
          vaults_mumra_lcd
Vaults:4: nicolae_vaults_alarming, nicolae_vaults_little_squares_3,
          vaults_mumra_hexcomb, ontoclasm_vaults_pinch,
          nicolae_vaults_little_ls, nicolae_vaults_rhombus_6, st_diamondy,
          grunt_vaults_bifocal, v_pattern_4, vaults_room_door_hall,
          nicolae_vaults_little_squares_6, basic_altar
Vaults:5: serial_shops
Crypt:1:  minivault_14, grunt_crypt_arrival_webbed
Crypt:2:  serial_corexii_hall, corexii_hall_statues_t, corexii_hall_statues_s,
          corexii_hall_statues_u, corexii_hall_statues_x,
          corexii_hall_statues_l, corexii_hall_statues_deadend
Crypt:3:  david_glass_crypt, nicolae_tomb_entry_rubble_hallway, st_stairs_14
Tomb:1:   uniq_mara
Depths:1: enter_ziggurat_d, serial_glass, glass_columns_b, glass_columns_b,
          grunt_pan_entry_zigzag, serial_shops, shop, hangedman_coc_ice_floe,
          minmay_misc_feat_alley, spider_trap, minmay_the_grid_3x2
Depths:2: kennysheep_ogre_elephant_herders, hell_entry,
          infiniplex_staircase_pool_lava, serial_sigils_hangedman_gut,
          minmay_hidden_floor, serial_bayou_shore_b, uniq_saint_roka
Depths:3: minmay_heptahexagon, grunt_hell_entry_dis_mu, rand_demon_pan_entry_5,
          minmay_misc_feat_chi, minmay_staircase_windowed_small
Depths:4: grunt_bent_corner, serial_bayou_pond_c, abyss_entry_flame_altar,
          hell_entry
Depths:5: evilmike_zot_entry_hall, lemuel_crystal_altar, serial_bayou,
          serial_bayou_shore_b, serial_bayou_ford_a, serial_bayou_pond_c,
          serial_bayou_crossing, serial_bayou_pond_a, pf_hell_entry_great_geh,
          rand_demon_pan_entry_7
Zot:1:    grunt_ministairs_7, guppyfry_library_mini
Zot:3:    st_single_dragon_hoard_2, hangedman_zot_decor_unnerving_road,
          hangedman_spider_trapstep
Zot:4:    hangedman_zot_vaults_quadrants
Abyss:5:  evilmike_nicolae_abyss_rune_betentacled_crabyss
Zig:5:    ziggurat_pillar_centre_smoke
Zig:7:    ziggurat_pillar_centre_dead_trees
Zig:12:   ziggurat_pillar_centre_c
Ossuary:  ossuary_kennysheep_city_of_the_dead

Skill      XL: |  1  2  3  4  5  6  7  8  9 10 11 12 13 14 15 16 17 18 19 20 21 22 23 24 25 26 27 |
---------------+----------------------------------------------------------------------------------+-----
Maces & Flails | 2 3 4 5 6 7 8 10 12 14 15 17 18 21 22 | 22.1
Dodging        | 1 2 8 10 11 13 15 | 15.5
Fighting       | 4 5 6 7 9 10 13 15 17 18 19 22 | 22.7
Armour         | 3 4 6 9 11 12 13 21 | 21.3
Shields        | 3 4 6 9 11 13 14 15 | 15.4
Invocations    | 4 13 15 17 26 | 26.0
Throwing       | 2 3 14 | 14.3
Evocations     | 5 6 7 8 |  8.0
Necromancy     | 9 12 | 12.1
Translocations | 7 12 | 12.6
Charms         | 7 10 | 10.0
Air Magic      | 7 10 | 10.0
Summonings     | 9 |  9.5
Spellcasting   | 7 |  7.0

Action                   |  1- 3 |  4- 6 |  7- 9 | 10-12 | 13-15 | 16-18 | 19-21 | 22-24 | 25-27 || total
-------------------------+-------+-------+-------+-------+-------+-------+-------+-------+-------++-------
Melee: Flail             |   151 |   232 |   359 |   587 |   278 |       |       |       |       ||  1607
       Headbutt          |       |    29 |    99 |   159 |   308 |   372 |   394 |   452 |  1173 ||  2986
       Morningstar       |       |       |       |       |   687 |  1249 |  1358 |   426 |  1751 ||  5471
       Eveningstar       |       |       |       |       |       |       |       |   730 |  1193 ||  1923
Throw: Javelin           |       |       |       |    11 |     5 |     1 |     4 |       |    13 ||    34
 Cast: Corpse Rot        |       |       |       |       |       |     1 |     7 |     2 |       ||    10
       Apportation       |       |       |       |       |       |       |     2 |       |       ||     2
       Repel Missiles    |       |       |       |       |       |       |       |       |     6 ||     6
       Regeneration      |       |       |       |       |       |       |       |       |     2 ||     2
       Blink             |       |       |       |       |       |       |       |       |     1 ||     1
       Portal Projectile |       |       |       |       |       |       |       |       |     1 ||     1
Invok: Heroism           |       |       |     3 |     5 |    13 |    14 |     8 |     7 |    29 ||    79
       Finesse           |       |       |       |       |     3 |     6 |     5 |     4 |    21 ||    39
 Abil: Evoke Blink       |       |       |       |       |     1 |     2 |     1 |       |       ||     4
Evoke: Wand              |       |       |       |       |     2 |     1 |       |     4 |    15 ||    22
       Phantom mirror    |       |       |       |       |       |       |       |       |     2 ||     2
  Use: Scroll            |     5 |     7 |     7 |    17 |    12 |    18 |    13 |     8 |    51 ||   138
       Potion            |     2 |       |     3 |     1 |     7 |     9 |    16 |     1 |    30 ||    69
 Stab: Held in net/web   |       |       |       |       |     2 |       |       |       |     2 ||     4
       Invisible         |       |       |       |       |       |    25 |     6 |       |     1 ||    32
       Sleeping          |       |       |       |       |       |     1 |       |       |       ||     1
       Confused          |       |       |       |       |       |     1 |       |       |     1 ||     2
  Eat: Chunk             |     4 |     7 |     8 |     5 |     8 |     4 |    10 |     7 |     3 ||    56
       Royal jelly       |       |     1 |     1 |       |     1 |    10 |       |       |     6 ||    19
       Meat ration       |       |       |     1 |       |       |       |     1 |     1 |     6 ||     9
       Bread ration      |       |       |       |     2 |       |       |     1 |     1 |     1 ||     5
       Fruit             |       |       |       |     6 |     4 |     5 |     7 |       |    10 ||    32
       Pizza             |       |       |       |     2 |       |     2 |     1 |     3 |     4 ||    12
       Beef jerky        |       |       |       |       |     7 |     1 |     3 |       |     5 ||    16
Armor: Scale mail        |    18 |       |       |       |       |       |       |       |       ||    18
       Chain mail        |   102 |    90 |   155 |   173 |   243 |   288 |   195 |    56 |   544 ||  1846
       Plate armour      |       |    20 |     5 |       |       |       |       |       |    54 ||    79
       Ring mail         |       |       |       |       |       |    39 |       |       |       ||    39
       Crystal plate arm |       |       |       |       |       |       |       |   166 |    47 ||   213
Dodge: Dodged            |    50 |    59 |   112 |   135 |   349 |   541 |   260 |   268 |  1385 ||  3159
       Deflected         |       |       |       |       |       |       |       |       |    14 ||    14
Block: Shield            |    84 |   101 |   219 |   441 |   927 |    66 |       |       |       ||  1838
       Reflection        |       |       |     4 |     7 |    27 |    34 |   136 |    92 |    79 ||   379
       Large shield      |       |       |       |       |       |  1589 |  1462 |  1421 |  3622 ||  8094
